 Dungeon Crawl Stone Soup version 0.24.1-8-ga250c9d538 (webtiles) character file.

Game seed: 3055874417705861384, levelgen mode: deterministic

118 S2im the Sneak (level 5, -6/31 HPs)
             Began as an Octopode Wizard on May 6, 2020.
             Killed from afar by Natasha (9 damage)
             ... with a puff of flame
             ... on level 2 of the Dungeon.
             The game lasted 00:17:56 (3052 turns).

S2im the Sneak (Octopode Wizard)                    Turns: 3052, Time: 00:17:57

Health: -6/31      AC:  1    Str:  6    XL:     5   Next: 2%
Magic:  9/9        EV: 13    Int: 21    God:
Gold:   182        SH:  0    Dex: 11    Spells: 6/10 levels left

rFire    . . .     SeeInvis .   a - +0 hunting sling (flame)
rCold    . . .     Gourm    .   (no shield)
rNeg     . . .     Faith    .   g - +0 hat
rPois    .         Spirit   .   (no amulet)
rElec    .         Reflect  .   (no ring)
rCorr    .         Harm     .   (no ring)
MR       .....                  (no ring)
Stlth    +++.......             (no ring)
HPRegen  0.10/turn              (no ring)
MPRegen  0.11/turn              (no ring)
                                (no ring)
                                (no ring)

@: lightly drained
A: almost no armour, stealthy swim, amphibious, 8 rings, constrict 8, camouflage
1, gelatinous body 1
a: no special abilities


You were on level 2 of the Dungeon.
You were not hungry.

You visited 1 branch of the dungeon, and saw 2 of its levels.

You collected 182 gold pieces.

Inventory:

Hand Weapons
 a - a +0 hunting sling of flaming (weapon)
Missiles
 j - 57 stones
 k - 16 sling bullets (quivered)
Armour
 g - a +0 hat (worn)
Jewellery
 e - an uncursed amulet of harm
Scrolls
 h - 4 scrolls of identify {unknown}
 m - a scroll of remove curse {unknown}
 n - a scroll of teleportation {unknown}
 o - a scroll of blinking {unknown}
 p - a scroll of enchant weapon {unknown}
Potions
 b - a potion of heal wounds {unknown}
 d - a potion of agility {unknown}
 f - a potion of might {unknown}
 l - 2 potions of curing
Comestibles
 c - 4 rations


   Skills:
 + Level 2.7(2.1) Slings
 + Level 0.1(1.0) Throwing
 + Level 2.9(2.3) Dodging
 - Level 3.3(2.8) Stealth
 - Level 0.6(0.1) Unarmed Combat
 * Level 3.3(2.7) Spellcasting
 + Level 1.5(1.0) Conjurations
   Level 1.0(0.5) Summonings
   Level 1.0(0.5) Translocations


You had 6 spell levels left.
You knew the following spells:

 Your Spells              Type           Power        Failure   Level  Hunger
a - Magic Dart            Conj           #...         9%          1    None
b - Conjure Flame         Conj/Fire      #.......     32%         3    ###....

Your spell library contained the following spells:

 Spells                   Type           Power        Failure   Level  Hunger
 Blink                    Tloc           N/A          17%         2    ##.....
 Call Imp                 Summ           #.......     17%         2    ##.....
 Slow                     Hex            #.......     21%         2    ##.....
 Mephitic Cloud           Conj/Pois/Air  #.......     34%         3    ###....


Dungeon Overview and Level Annotations

Branches:
Dungeon (2/15)

Altars:

Annotations:
D:2 Natasha


Innate Abilities, Weirdness & Mutations

You cannot wear most types of armour.
You are very stealthy in the water. (Stealth+)
You are amphibious.
You can wear up to eight rings at the same time.
You can use your tentacles to constrict eight enemies at once.
Your skin changes colour to match your surroundings (Stealth+).
Your rubbery body absorbs attacks. (AC +1, EV +1)


Message History

Aim: Natasha, carrying a wand of flame (13)
You shoot a sling bullet. The sling bullet barely misses Natasha.
Natasha zaps a wand.
The puff of flame hits you!
Firing (i - inventory. (/) - cycle)
k - 18 sling bullets (quivered)
Press: ? - help, Shift-Dir - straight line, f/p - Natasha
Aim: Natasha, carrying a wand of flame (12)
You shoot a sling bullet. The sling bullet barely misses Natasha.
Natasha hisses.
Natasha zaps a wand.
The puff of flame hits you!
Firing (i - inventory. (/) - cycle)
k - 17 sling bullets (quivered)
Press: ? - help, Shift-Dir - straight line, f/p - Natasha
Aim: Natasha, carrying a wand of flame (11)
You shoot a sling bullet.
The sling bullet hits Natasha but does no damage.
Natasha zaps a wand.
The puff of flame hits you!
* * * LOW HITPOINT WARNING * * *
Natasha mumbles some strange words.
It was a potion of magic.
Magic courses through your body.
Natasha zaps a wand.
The puff of flame hits you!
You die...

#.....#.#......#
####.#(........#..#
########
........##.##.....###
#.......
....###.#...#.###5..#
#.######
..#.#)....[.....#h#.#
#.# ####
....###.#...#.###...#
#.# #...
.##.....##.##.....#
#.# #.##
###..#.........#.##
#.###.##
###......#.#....@###
#.......
.......#.#.#.#.....#
#.......
.#####...###.......#
#.###.#. .#
#.#.....##....# #.#
#.#. .#
#.#..#[###.#.## #.#
#... .#
##+#....###.#.# #.#
###. .#
##...........#.# #.#
#.
.###.....########.####
#.#####. .##.......##
##..##.## #.......


You could see Natasha and a white imp.

Vanquished Creatures
  Jessica (D:2)
  Natasha (D:2)
  An adder (D:2)
  An ooze (D:2)
  3 worms (D:2)
  2 dart slugs
  A leopard gecko (D:1)
  4 giant cockroaches (D:1)
  4 goblins
  5 hobgoblins
  2 jackals (D:2)
  A quokka (D:2)
  8 bats
  A frilled lizard (D:1)
  3 kobolds
  5 rats
43 creatures vanquished.

Notes
Turn   | Place    | Note
-------+----------+-------------------------------------------
     0 | D:1      | S2im the Octopode Wizard began the quest for the Orb.
     0 | D:1      | Reached XP level 1. HP: 11/11 MP: 4/4
   655 | D:1      | Reached XP level 2. HP: 16/17 MP: 0/6
  1411 | D:2      | Reached XP level 3. HP: 21/21 MP: 7/7
  1445 | D:2      | Reached skill level 1 in Slings
  1685 | D:2      | Noticed Natasha
  1735 | D:1      | Learned a level 3 spell: Conjure Flame
  2059 | D:2      | Killed Natasha
  2059 | D:2      | Reached XP level 4. HP: 10/27 MP: 5/8
  2547 | D:2      | Noticed Jessica
  2549 | D:2      | Killed Jessica
  2971 | D:2      | Reached XP level 5. HP: 31/31 MP: 9/9
  3046 | D:2      | Noticed Natasha
  3052 | D:2      | Killed from afar by Natasha

Levels and vault maps discovered:
D:1:      dpeg_arrival_simpleton_b, layout_loops_cross,
          minmay_misc_feat_ornament
D:2:      layout_loops_corners, minmay_fractal_squares_5, uniq_natasha,
          uniq_jessica

Skill      XL: |  1  2  3  4 |
---------------+-------------+-----
Stealth        | 3 |  3.3
Slings         | 1 2 |  2.7
Throwing       | |  0.1
Dodging        | |  2.9
Unarmed Combat | |  0.6
Spellcasting   | |  3.3
Conjurations   | |  1.5
Summonings     | |  1.0
Translocations | |  1.0

Action                   |  1- 3 |  4- 6 || total
-------------------------+-------+-------++-------
Melee: Unarmed           |    56 |     6 ||    62
       Constrict         |    19 |     2 ||    21
       Tentacles         |     6 |     1 ||     7
 Fire: Hunting sling     |    35 |    14 ||    49
Throw: Stone             |     3 |       ||     3
 Cast: Magic Dart        |    27 |    10 ||    37
       Conjure Flame     |       |     1 ||     1
  Use: Potion            |     2 |     1 ||     3
 Stab: Sleeping          |     2 |     1 ||     3
  Eat: Chunk             |     4 |     3 ||     7
Armor: Skin              |     5 |     1 ||     6
Dodge: Dodged            |    59 |     9 ||    68
